 Dungeon Crawl Stone Soup version 0.26.1-2-gb8aa6d0cf2 (webtiles) character file.

Game seed: 5225750389393156171

334 McIrco the Conjurer (level 6, 0/43 HPs)
             Began as an Octopode Conjurer on Mar 30, 2021.
             Was an Initiate of Gozag.
             Slain by a quokka (4 damage)
             ... on level 4 of the Dungeon.
             The game lasted 00:30:58 (5460 turns).

McIrco the Conjurer (Octopode Conjurer)             Turns: 5460, Time: 00:30:59

Health: 0/43       AC:  1    Str:  7    XL:     6   Next: 53%
Magic:  2/9        EV: 13    Int: 22    God:    Gozag
Gold:   99         SH:  0    Dex: 10    Spells: 3/9 levels left

rFire    . . .     SeeInvis .   l - +1 dagger (speed)
rCold    . . .     Faith    .   (no shield)
rNeg     . . .     Spirit   .   (helmet restricted)
rPois    .         Reflect  .   (no amulet)
rElec    .         Harm     .   (no ring)
rCorr    .         Rampage  .   (no ring)
Will     .....                  (no ring)
Stlth    +++.......             (no ring)
HPRegen  0.14/turn              (no ring)
MPRegen  0.11/turn              (no ring)
                                (no ring)
                                (no ring)

@: lethally poisoned (0 -> -15), gold aura
A: almost no armour, stealthy swim, amphibious, 8 rings, constrict 8, camouflage
1, gelatinous body 1
a: Renounce Religion, Potion Petition, Call Merchant, Bribe Branch


You were on level 4 of the Dungeon.
You worshipped Gozag.
Gozag was noncommittal.
You visited 1 branch of the dungeon, and saw 4 of its levels.

You collected 123 gold pieces.
You paid 24 gold pieces to Gozag.

Inventory:

Hand Weapons
 d - a +0 dagger
 l - a +1 dagger of speed (weapon)
 n - a +0 hunting sling of freezing
Missiles
 o - 58 stones
 p - 14 poisoned darts
Jewellery
 e - an uncursed ring of protection from fire
Scrolls
 a - 7 scrolls of identify
Potions
 b - a potion of lignification


   Skills:
 + Level 4.2 Fighting
 - Level 2.0 Dodging
 - Level 3.0 Stealth
 - Level 2.1 Spellcasting
 - Level 5.0 Conjurations
 - Level 3.0 Hexes


You had 3 spell levels left.
You knew the following spells:

 Your Spells              Type           Power        Failure   Level
a - Magic Dart            Conj           96%          1%          1
b - Searing Ray           Conj           48%          2%          2
p - Dazzling Flash        Conj/Hex       38%          8%          3

Your spell library contained the following spells:

 Spells                   Type           Power        Failure   Level
 Fulminant Prism          Conj/Hex       9%           26%         4
 Iskenderun's Mystic Bla  Conj/Tloc      13%          43%         4


Dungeon Overview and Level Annotations

Branches:
Dungeon (4/15)
 Temple: D:4-7

Altars:
Dithmenos
Gozag
Makhleb
Yredelemnul

Annotations:
D:4 1 transporter


Innate Abilities, Weirdness & Mutations

You cannot wear most types of armour.
You are very stealthy in the water. (Stealth+)
You are amphibious.
You can wear up to eight rings at the same time.
You can use your tentacles to constrict eight enemies at once.
Your skin changes colour to match your surroundings (Stealth+).
Your rubbery body absorbs attacks. (AC +1, EV +1)


Message History

The magic dart hits the scorpion.
The scorpion is heavily wounded.
You constrict the scorpion. The quokka closely misses you.
The scorpion stings you but does no damage.
As you read the scroll labelled OCWAUSKUEW, it crumbles to dust.
It is a scroll of identify.
e - an uncursed ring of protection from fire You constrict the scorpion.
You feel sick. The quokka closely misses you. The scorpion stings you!
* * * LOW HITPOINT WARNING * * *
You are lethally poisoned!
The scorpion poisons you!
Unknown command.
Unknown command.
You hit the scorpion.
You kill the scorpion!
* * * LOW HITPOINT WARNING * * *
You feel sick. The quokka bites you.
You die...
Your body crumbles into a pile of gold.

#.#.....................
*####.#.....................
#.........$......O....<.....
#..........o...............*
#.........................,*
#.....................,,,,,*
#............o.......,,,,,,*
#..........r$......,,,,,,,$*
#..........@$......,,,,,,,,*
*####..)...........,,,,,,,,*
#.#......©..?..,,,,,,,,*
#.......###..##*,,,,,,,*
#..###.##K#*##,**,******
#..**###,..**,*,*,,*
#..*,*∩,**..,*,,*,,**
#..**,**,*#.#,*,**,,*
*,,,*,,**^,*****,**,****


You could see a big kobold, an ogre, 2 orcs and a quokka.

Vanquished Creatures
  A scorpion (D:4)
  A howler monkey (D:4)
  A hound (D:4)
  2 orc wizards
  A worker ant (D:4)
  Robin (D:3)
  4 gnolls
  4 adders
  An adder skeleton (D:3)
  A worm (D:3)
  2 dart slugs (D:1)
  3 leopard geckos
  6 orcs
  3 giant cockroaches
  14 goblins
  12 hobgoblins
  7 jackals (D:3)
  4 quokkas
  5 bats
  5 frilled lizards
  6 kobolds
  11 rats
95 creatures vanquished.

Notes
Turn   | Place    | Note
-------+----------+-------------------------------------------
     0 | D:1      | McIrco the Octopode Conjurer began the quest for the Orb.
     0 | D:1      | Reached XP level 1. HP: 11/11 MP: 3/3
   217 | D:1      | Reached XP level 2. HP: 2/17 MP: 0/5
   799 | D:1      | Reached skill level 1 in Fighting
  1039 | D:1      | Reached XP level 3. HP: 21/23 MP: 2/6
  1685 | D:2      | Learned a level 2 spell: Searing Ray
  1689 | D:2      | Learned a level 3 spell: Dazzling Flash
  1932 | D:2      | Reached XP level 4. HP: 30/30 MP: 2/7
  3216 | D:3      | Found a faded altar of an unknown god.
  3484 | D:3      | Noticed Robin
  3697 | D:2      | Reached skill level 5 in Conjurations
  3697 | D:2      | Reached skill level 1 in Hexes
  3697 | D:2      | Reached XP level 5. HP: 10/36 MP: 0/8
  4612 | D:3      | Killed Robin
  4756 | D:3      | Found a shadowy altar of Dithmenos.
  5051 | D:3      | Found a basalt altar of Yredelemnul.
  5057 | D:3      | Found an opulent altar of Gozag.
  5062 | D:3      | Found a burning altar of Makhleb.
  5080 | D:3      | Became a worshipper of Gozag Ym Sagoz the Greedy
  5273 | D:4      | Noticed an ogre
  5322 | D:4      | Reached XP level 6. HP: 42/42 MP: 1/9
  5425 | D:4      | Found a transporter.
  5460 | D:4      | Slain by a quokka

Illustrated notes

Levels and vault maps discovered:
D:1:      dpeg_arrival_rooms_c, layout_loops_ring,
          hangedman_abyss_or_decor_lesser_grid
D:2:      layout_basic, hangedman_decor_clover_reticule
D:3:      layout_rooms, minmay_overflow_temple_star_quad,
          grunt_dithmenos_smoke_and_mirrors,
          chequers_ecumenical_altar_simple_redux, uniq_robin
D:4:      layout_basic, pdpol_wu_jian_five_deadly_venoms, kennysheep_mini,
          portal_sewer_entry_e, gammafunk_ghost_abyssal_escape

Skill      XL: |  1  2  3  4  5  6 |
---------------+-------------------+-----
Stealth        | 3 |  3.0
Fighting       | 1 2 3 4 |  4.2
Conjurations   | 5 |  5.0
Hexes          | 1 3 |  3.0
Dodging        | |  2.0
Spellcasting   | |  2.1

Action                   |  1- 3 |  4- 6 || total
-------------------------+-------+-------++-------
Melee: Unarmed           |    11 |       ||    11
       Constrict         |     3 |     4 ||     7
       Tentacles         |     2 |     2 ||     4
       Dagger            |     3 |    60 ||    63
 Cast: Magic Dart        |    61 |   116 ||   177
       Searing Ray       |       |    12 ||    12
       Dazzling Flash    |       |     1 ||     1
  Use: Scroll            |       |     8 ||     8
       Potion            |       |     3 ||     3
Armor: Skin              |     4 |    25 ||    29
Dodge: Dodged            |     8 |    40 ||    48
